 Dungeon Crawl Stone Soup version 0.18.1-48-g4cf74bf (webtiles) character file.

281 atgrul the Gusty (level 6, -3/52 HPs)
             Began as a Draconian Air Elementalist on July 17, 2016.
             Slain by an ogre
             ... wielding a +0 giant spiked club
              (21 damage)
             ... on level 4 of the Dungeon.
             The game lasted 00:12:57 (4340 turns).

atgrul the Gusty (Draconian Air Elementalist)       Turns: 4340, Time: 00:12:57

Health: -3/52      AC:  7    Str: 11    XL:     6   Next: 6%
Magic:  0/9        EV: 12    Int: 17    God:
Gold:   204        SH:  0    Dex: 11    Spells: 3 memorised, 4 levels left

rFire  . . .     SeeInvis .     e - +1 short sword
rCold  . . .     Gourm    .     (armour unavailable)
rNeg   . . .     Faith    .     (no shield)
rPois  .         Spirit   +     (helmet restricted)
rElec  .         Dismiss  .     x - +0 cloak
rCorr  .         Reflect  .     (no gloves)
SustAt .         Harm     .     (no boots)
MR     .....                    l - amulet of guardian spirit
Stlth  ++........               (no ring)
                                (no ring)

@: very slightly contaminated, not resistant to hostile enchantments, unstealthy
A: unfitting armour, cold-blooded, AC +6
a: no special abilities


You were on level 4 of the Dungeon.
You were not hungry.

You visited 1 branch of the dungeon, and saw 4 of its levels.

You collected 204 gold pieces.

Inventory:

Hand Weapons
 e - a +1 short sword (weapon)
Armour
 v - a +0 helmet
 x - a +0 cloak (worn)
Jewellery
 l - an amulet of guardian spirit (around neck)
Scrolls
 c - a scroll of amnesia
 d - a scroll of enchant weapon
 i - a scroll of recharging
 j - a scroll of remove curse
 m - a scroll of magic mapping {unknown}
 n - a scroll of enchant armour {unknown}
 p - a scroll of fear {unknown}
 w - a scroll of random uselessness {unknown}
Potions
 f - a potion of heal wounds {unknown}
 g - 2 potions of curing {unknown}
 k - a potion of flight {unknown}
 o - a potion of mutation {unknown}
 q - 2 potions of lignification {unknown}
 r - a potion of berserk rage {unknown}
 s - 3 potions of invisibility {unknown}
 t - a potion of degeneration {unknown}
Books
 a - a book of Air

   Spells                             Type                      Level
   a - Shock                          Conjuration/Air              1
   b - Swiftness                      Charms/Air                   2
   c - Repel Missiles                 Charms/Air                   2
   d - Static Discharge               Conjuration/Air              3
   e - Lightning Bolt                 Conjuration/Air              5
Comestibles
 b - 2 bread rations
 h - 2 beef jerkies
 u - a meat ration


   Skills:
 * Level 4.2 Fighting
 - Level 1.3 Short Blades
 - Level 1.7 Dodging
 - Level 1.7 Stealth
 - Level 2.0 Spellcasting
 - Level 1.0 Conjurations
 + Level 5.2 Air Magic


You had 4 spell levels left.
You knew the following spells:

 Your Spells              Type           Power        Failure   Level  Hunger
a - Shock                 Conj/Air       ##..         6%          1    #......
b - Repel Missiles        Chrm/Air       ##....       12%         2    ###....
c - Swiftness             Chrm/Air       ##......     12%         2    ###....


Dungeon Overview and Level Annotations

Branches:
Dungeon (4/15)
 Temple: D:4-7

Altars:
Nemelex Xobeh


Innate Abilities, Weirdness & Mutations

Your plain brown scales are hard (AC +6).
Your body does not fit into most forms of armour.
You are cold-blooded and may be slowed by cold attacks.


Message History

The ogre is moderately wounded.
The jackal misses you. The ogre closely misses you.
You hit the ogre but do no damage. You tail-slap the ogre.
The ogre is moderately wounded.
The jackal barely misses you.
The jackal bites you but does no damage.
You hit the ogre.
The ogre is heavily wounded.
The ogre hits you with a giant spiked club!
The jackal bites you but does no damage.
You hit the ogre but do no damage.
The ogre is heavily wounded.
The jackal misses you.
The ogre hits you with a giant spiked club!!
The jackal barely misses you.
You hit the ogre.
The ogre is severely wounded.
The jackal bites you but does no damage.
The ogre hits you with a giant spiked club!!
You die...

.##.....####...####[O##
...............+>..w..
#.............#......
##.............#......
#..............#......
#.......w......#......
#..............#......
##...hO##....###...###
.##...@.#####+###... #
................#.... .
+###............+
#.......<....#
...............#
...............#
>...............#
..####...######## ###+#


You could see an ogre, a worm and a jackal.

Vanquished Creatures
  A hound (D:4)
  An orc priest (D:3)
  2 worker ants (D:4)
  2 adders
  4 gnolls (D:3)
  An ooze (D:4)
  2 worms
  4 dart slugs (D:1)
  3 giant geckos
  11 orcs (D:3)
  2 giant cockroaches
  12 goblins
  7 hobgoblins
  6 jackals
  6 kobolds
  A quokka (D:4)
  2 ball pythons (D:1)
  8 bats
  A giant gecko skeleton (D:4)
  7 giant newts
  7 rats
90 creatures vanquished.

Notes
Turn   | Place    | Note
--------------------------------------------------------------
     0 | D:1      | atgrul the Draconian Air Elementalist began the quest for the Orb.
     0 | D:1      | Reached XP level 1. HP: 14/14 MP: 3/3
   334 | D:1      | Reached skill level 1 in Fighting
   344 | D:1      | Reached XP level 2. HP: 19/23 MP: 1/5
   962 | D:1      | Reached XP level 3. HP: 29/29 MP: 2/6
  1365 | D:2      | Reached skill level 4 in Air Magic
  2417 | D:3      | Reached XP level 4. HP: 27/37 MP: 3/7
  2427 | D:3      | Reached skill level 1 in Short Blades
  2573 | D:3      | Found a sparkling altar of Nemelex Xobeh.
  3094 | D:3      | Reached XP level 5. HP: 35/45 MP: 6/8
  3853 | D:4      | Reached skill level 5 in Air Magic
  4221 | D:4      | Learned a level 2 spell: Repel Missiles
  4224 | D:4      | Learned a level 2 spell: Swiftness
  4239 | D:4      | Reached XP level 6. HP: 44/52 MP: 5/9
  4340 | D:4      | Slain by an ogre

Skill      XL: |  1  2  3  4  5 |
---------------+----------------+-----
Fighting       | 1 2 3 4 |  4.2
Air Magic      | 4 5 |  5.2
Short Blades   | 1 |  1.3
Dodging        | |  1.7
Stealth        | |  1.7
Spellcasting   | |  2.0
Conjurations   | |  1.0

Action                   |  1- 3 |  4- 6 || total
-------------------------+-------+-------++-------
Melee: Short sword       |   122 |   151 ||   273
       Unarmed           |    20 |       ||    20
       Tailslap          |     8 |    15 ||    23
 Cast: Shock             |    28 |    55 ||    83
  Use: Scroll            |       |     4 ||     4
 Stab: Sleeping          |     2 |     1 ||     3
  Eat: Chunk             |     4 |       ||     4
       Meat ration       |     1 |       ||     1
       Bread ration      |       |     1 ||     1
Armor: Skin              |    52 |    44 ||    96
Dodge: Dodged            |   119 |   102 ||   221
